 Dungeon Crawl Stone Soup version 0.28-a0-461-g2dc4ca5097 (webtiles) character file.

Game seed: 4564352050669253502

3177 Rennog the Carver (level 9, -1/69 HPs)
             Began as a Demonspawn Berserker on Sept 13, 2021.
             Was an Elder of Trog.
             Slain by Prince Ribbit (14 damage)
             ... on level 7 of the Dungeon.
             The game lasted 00:10:51 (9096 turns).

Rennog the Carver (Demonspawn Berserker)            Turns: 9096, Time: 00:10:52

Health: -1/69      AC: 15    Str: 20    XL:     9   Next: 63%
Magic:  9/9        EV:  6    Int:  9    God:    Trog [****..]
Gold:   378        SH:  8    Dex: 13    Spells: 8/8 levels left

rFire   . . .      SeeInvis .   b - +4 scimitar
rCold   + . .      Faith    .   x - +0 kite shield
rNeg    . . .      Spirit   .   A - +0 chain mail
rPois   .          Reflect  .   (helmet restricted)
rElec   .          Harm     .   l - +0 cloak
rCorr   .          Rampage  .   (no gloves)
Will    .....                   (no boots)
Stlth   ..........              (no amulet)
HPRegen 0.21/turn               h - ring of protection from cold
MPRegen 0.11/turn               r - +4 ring of protection

@: on berserk cooldown, slowed, very slow
A: claws 2, horns 1, talons 1
a: Renounce Religion, Berserk, Trog's Hand, Brothers in Arms


You were on level 7 of the Dungeon.
You worshipped Trog.
Trog was greatly pleased with you.
You visited 1 branch of the dungeon, and saw 7 of its levels.
You also visited: Sewer.

You collected 378 gold pieces.

Inventory:

Hand Weapons
 a - a +0 falchion
 b - a +4 scimitar (weapon)
 D - a +2 broad axe of flaming
Missiles
 E - a throwing net (quivered)
Armour
 l - a +0 cloak (worn)
 x - a +0 kite shield (worn)
 A - a +0 chain mail (worn)
Jewellery
 h - a ring of protection from cold (left claw)
 r - a +4 ring of protection (right claw)
 C - a ring of magical power
Wands
 i - a wand of polymorph (7)
 o - a wand of flame (17)
Scrolls
 c - 2 scrolls of enchant weapon {unknown}
 f - 2 scrolls of fog {unknown}
 j - a scroll of fear {unknown}
 n - 2 scrolls of enchant armour {unknown}
 s - a scroll of blinking {unknown}
 t - a scroll of vulnerability {unknown}
 u - 3 scrolls of identify {unknown}
 y - a scroll of acquirement {unknown}
Potions
 d - a potion of might {unknown}
 e - a potion of flight {unknown}
 g - a potion of heal wounds {unknown}
 k - a potion of magic {unknown}
 m - 2 potions of brilliance {unknown}
 p - a potion of ambrosia {unknown}
 q - a potion of attraction {unknown}
 v - 2 potions of invisibility {unknown}
 w - a potion of resistance {unknown}
 z - a potion of haste {unknown}
 B - a potion of lignification {unknown}


   Skills:
 + Level 6.2 Fighting
 + Level 8.5 Long Blades
 + Level 5.6 Armour
 + Level 4.2 Dodging
 + Level 3.2 Stealth
 + Level 2.9 Shields


You had 8 spell levels left.
You didn't know any spells.
Your spell library was empty.

Dungeon Overview and Level Annotations

Branches:
Dungeon (7/15)             Temple (0/1) D:7           Sewer (visited)

Altars:
Ashenzari
Elyvilon
Fedhas
Kikubaaqudgha
Ru
Sif Muna
Trog
Uskayaw
Vehumet
Yredelemnul
Zin
The Shining One

Shops:
D:5 *

Annotations:
D:6 2 transporters
D:7 Prince Ribbit


Innate Abilities, Weirdness & Mutations

You have very sharp fingernails.
You have a pair of small horns on your head.
You have sharp toenails.


Message History

You hit the wyvern skeleton but do no damage.
The wyvern skeleton is severely damaged.
Prince Ribbit hits you!
The wyvern skeleton completely misses you.
You block Prince Ribbit's attack. You block the wyvern skeleton's attack.
You slash the wyvern skeleton!
You destroy the wyvern skeleton!
Trog accepts your kill. You block Prince Ribbit's attack.
You closely miss Prince Ribbit. Your kick misses Prince Ribbit.
Prince Ribbit is lightly wounded.
Prince Ribbit hits you! You block Prince Ribbit's attack.
You are too injured to fight recklessly!
You are too injured to fight recklessly!
You are too injured to fight recklessly!
You are too injured to fight recklessly!
You are too injured to fight recklessly!
You are too injured to fight recklessly!
You are too injured to fight recklessly!
You are too injured to fight recklessly!
You are too injured to fight recklessly!
You are too injured to fight recklessly!
You are too injured to fight recklessly!
You are too injured to fight recklessly!
You are too injured to fight recklessly!
You are too injured to fight recklessly!
A red film seems to cover your vision as you go berserk!
You feel yourself moving faster!
You feel mighty!
Prince Ribbit blinks!
You feel a strong urge to attack something.
Prince Ribbit blinks!
You see here a scroll labelled MOOTINK DOFOEL.
You feel your anger nearly subside.
You are no longer berserk.
You are exhausted.
You feel yourself slow down.
You closely miss Prince Ribbit. You claw Prince Ribbit.
Prince Ribbit is lightly wounded.
Prince Ribbit hits you!
* * * LOW HITPOINT WARNING * * *
Prince Ribbit hits you!
You die...

......####..#..###
#...........#.########+#
............#...........
#....(....#.#...........
..........#.#...........
..........######'#######
........#.# ##..ยง##
..P.P...### ##...?.##
...>.....####$..@..[#
..P.P..#...##..F....#
.......##..##[.....$#
......# ##..##$...!##
.....## #...###(./##
....#####...#######
........#..........
....##.............
....#..............


You could see Prince Ribbit.

Vanquished Creatures
  Maggie (D:6)
  A troll (D:7)
  Sigmund (D:6)
  A steam dragon (D:6)
  Menkaure (D:4)
  Duvessa (D:6)
  A necrophage (D:5)
  2 black bears
  4 ogres
  2 centaurs (D:6)
  A phantom (D:3)
  A kobold brigand (Sewer)
  A bullfrog (D:7)
  A gnoll sergeant (D:7)
  Dowan (D:6)
  2 wyvern skeletons
  5 wights (D:6)
  A howler monkey (D:5)
  An electric eel (D:6)
  Crazy Yiuf (D:3)
  A hound (D:6)
  A jelly (D:4)
  3 centaur skeletons
  Jessica (D:2)
  A gnoll shaman (D:5)
  2 iguanas
  2 orc wizards
  Robin (D:4)
  8 gnolls
  A howler monkey skeleton (D:6)
  14 adders
  A river rat (Sewer)
  A white imp (D:6)
  5 worms
  2 dart slugs (D:4)
  11 orcs
  6 endoplasms
  4 giant cockroaches
  22 goblins
  3 hobgoblins
  5 jackals
  9 kobolds
  2 quokkas
  2 ball pythons (D:2)
  5 bats
  2 frilled lizards
  5 rats
150 creatures vanquished.

Vanquished Creatures (others)
  A wizard (D:4)
  A fungus (D:3)
2 creatures vanquished.

Grand Total: 152 creatures vanquished

Notes
Turn   | Place    | Note
-------+----------+-------------------------------------------
     0 | D:1      | Rennog the Demonspawn Berserker began the quest for the
                  | Orb.
     0 | D:1      | Reached XP level 1. HP: 18/18 MP: 1/1
   152 | D:1      | Found a faded altar of an unknown god.
   304 | D:1      | Gained mutation: You have sharp fingernails. [demonic
                  | ancestry]
   304 | D:1      | Reached XP level 2. HP: 22/24 MP: 2/2
   638 | D:1      | Reached skill level 3 in Long Blades
  1619 | D:2      | Reached XP level 3. HP: 26/29 MP: 3/3
  1943 | D:2      | Noticed Jessica
  2299 | D:2      | Reached ** piety under Trog
  2463 | D:2      | Found a blossoming altar of Fedhas.
  2617 | D:2      | Gained mutation: You have a pair of small horns on your
                  | head. [demonic ancestry]
  2617 | D:2      | Reached XP level 4. HP: 19/35 MP: 4/4
  2950 | D:2      | Killed Jessica
  2951 | D:2      | Reached skill level 4 in Long Blades
  3266 | D:3      | Found a runed translucent door.
  3267 | D:3      | Noticed Crazy Yiuf
  3314 | D:3      | Found a basalt altar of Yredelemnul.
  3317 | D:3      | Found a shimmering blue altar of Sif Muna.
  3447 | D:3      | Found a broken altar of Ashenzari.
  3454 | D:3      | Reached XP level 5. HP: 37/42 MP: 5/5
  3488 | D:3      | Found an ancient bone altar of Kikubaaqudgha.
  3534 | D:3      | Noticed a phantom
  3548 | D:3      | Killed a phantom
  3991 | D:3      | Killed Crazy Yiuf
  4091 | D:4      | Reached XP level 6. HP: 48/48 MP: 6/6
  4257 | D:4      | Noticed Menkaure
  4269 | D:4      | Killed Menkaure
  4270 | D:4      | Reached skill level 5 in Long Blades
  4270 | D:4      | Reached skill level 1 in Stealth
  4645 | D:4      | Noticed Robin
  4653 | D:4      | Reached *** piety under Trog
  4660 | D:4      | Killed Robin
  5109 | D:4      | Gained mutation: You have sharp toenails. [demonic
                  | ancestry]
  5109 | D:4      | Reached XP level 7. HP: 55/55 MP: 7/7
  5485 | D:4      | Found a bloodstained altar of Trog.
  5486 | D:4      | Noticed a wizard
  5492 | D:4      | Killed a wizard
  5533 | D:5      | Entered Level 5 of the Dungeon
  5533 | D:5      | Found Jeaju's Assorted Antiques.
  5646 | D:5      | Reached skill level 6 in Long Blades
  5747 | D:5      | Found a sacrificial altar of Ru.
  5814 | D:5      | Found a glowing drain.
  5836 | Sewer    | Entered a sewer
  6142 | Sewer    | Gained mutation: You have very sharp fingernails. [demonic
                  | ancestry]
  6142 | Sewer    | Reached XP level 8. HP: 26/61 MP: 8/8
  6430 | D:5      | Found a radiant altar of Vehumet.
  6643 | D:6      | Reached skill level 5 in Fighting
  7114 | D:6      | Noticed Sigmund
  7125 | D:6      | Killed Sigmund
  7126 | D:6      | Reached skill level 7 in Long Blades
  7126 | D:6      | Reached skill level 1 in Shields
  7150 | D:6      | Found a transporter.
  7155 | D:6      | Found a transporter.
  7155 | D:6      | Noticed a purple ugly thing
  7520 | D:6      | Reached **** piety under Trog
  7522 | D:6      | Reached XP level 9. HP: 68/68 MP: 9/9
  7710 | D:6      | Noticed Dowan
  7710 | D:6      | Noticed Duvessa
  7716 | D:6      | Killed Duvessa
  7723 | D:6      | Killed Dowan
  8154 | D:6      | Noticed Maggie
  8165 | D:6      | Killed Maggie
  8166 | D:6      | Reached skill level 8 in Long Blades
  8166 | D:6      | Reached skill level 5 in Armour
  8815 | D:7      | Found a hide-covered altar of Uskayaw.
  8884 | D:7      | Found a staircase to the Ecumenical Temple.
  9018 | D:7      | Noticed a troll
  9023 | D:7      | Killed a troll
  9082 | D:7      | Noticed Prince Ribbit
  9096 | D:7      | Slain by Prince Ribbit

Illustrated notes

Levels and vault maps discovered:
D:1:      minmay_arrival_four_loops, layout_basic,
          hellmonk_ecumenical_altar_arch_garden, minmay_splitting_lines
D:2:      layout_loops_ring, basic_altar, corner_web_ring, uniq_jessica
D:3:      layout_rooms, jmf_multi_god_temple, grunt_temple_overflow_cloverleaf,
          kennysheep_nub, uniq_crazy_yiuf_cottage
D:4:      kennysheep_goblin_castle, layout_loops_ring, trog_wizard,
          minmay_small_thing, uniq_menkaure
D:5:      layout_rooms, nicolae_ru_sacrificial_ziggurat, kennysheep_mini,
          serial_shops, shop, gup_sewer_entry_glass
D:6:      layout_layer_cave, gammafunk_temple_overflow_arena, minivault_4,
          uniq_sigmund, uniq_maggie, uniq_duvessa
D:7:      minmay_opposing_rooms, layout_cave_pools,
          mainiacjoe_overflow_brackets, mainiacjoe_overflow_alcove_4,
          nicolae_uskayaw_dance_hall, minmay_temple_entry_trees,
          minmay_manual_moon, uniq_prince_ribbit1

Skill      XL: |  1  2  3  4  5  6  7  8  9 |
---------------+----------------------------+-----
Dodging        | 2 3 4 |  4.2
Long Blades    | 3 4 5 6 7 8 |  8.5
Armour         | 2 3 4 5 |  5.6
Fighting       | 4 5 6 |  6.2
Stealth        | 1 2 3 |  3.2
Shields        | 1 2 |  2.9

Action                   |  1- 3 |  4- 6 |  7- 9 || total
-------------------------+-------+-------+-------++-------
Melee: Falchion          |   109 |   132 |    98 ||   339
       Headbutt          |       |    23 |    30 ||    53
       Kick              |       |       |    60 ||    60
       Scimitar          |       |       |    93 ||    93
Invok: Berserk           |     6 |     9 |    14 ||    29
 Stab: Sleeping          |       |     3 |       ||     3
Armor: Animal skin       |    14 |       |       ||    14
       Leather armour    |    16 |    32 |       ||    48
       Ring mail         |       |     3 |    27 ||    30
       Chain mail        |       |       |    72 ||    72
Dodge: Dodged            |    56 |    91 |    78 ||   225
Block: Kite shield       |       |       |    61 ||    61

Table legend: (Time is in decaauts)
 A = Elapsed time spent in this place.
 B = Non-inter-level travel time spent in this place.
 C = Inter-level travel time spent in this place.
 D = Time resting spent in this place.
 E = Time spent auto-exploring this place.
 F = Levels seen in this place.
 G = Mean time per level.
                   A        B        C        D        E       F      G
               +--------+--------+--------+--------+--------+-----+--------+
         Total |   9451 |   8859 |    592 |    779 |   6930 |   8 | 1181.4 |
       Dungeon |   9057 |   8465 |    592 |    778 |   6655 |   7 | 1293.9 |
         Sewer |    394 |    394 |      0 |      1 |    274 |   1 |  394.0 |
               +--------+--------+--------+--------+--------+-----+--------+

Top non-repeatable levels by time:
     D:6: 1964 daAuts
     D:2: 1659 daAuts
     D:4: 1515 daAuts
     D:1: 1416 daAuts
     D:3: 1123 daAuts
     D:5: 1051 daAuts
   Sewer: 394 daAuts
     D:7: 326 daAuts
